 Dungeon Crawl Stone Soup version 0.28-a0-1347-g113dc556a4 (webtiles) character file.

Game seed: 11353250783057368951

3444 snetch the Cleaver (level 9, 0/118 HPs)
             Began as a Minotaur Berserker on Dec 29, 2021.
             Was a Priest of Trog.
             Slain by an orc warlord (13 damage)
             ... in a bailey.
             The game lasted 00:19:27 (7757 turns).

snetch the Cleaver (Minotaur Berserker)             Turns: 7757, Time: 00:19:27

Health: 0/118      AC: 12    Str: 26    XL:     9   Next: 77%
Magic:  8/8        EV: 10    Int:  4    God:    Trog [***...]
Gold:   477        SH:  0    Dex: 16    Spells: 8/8 levels left

rFire   . . .      SeeInvis .   a - +2 battleaxe (vorpal)
rCold   . . .      Faith    .   (shield currently unavailable)
rNeg    . . .      Spirit   .   s - +0 chain mail
rPois   .          Reflect  .   (helmet restricted)
rElec   .          Harm     .   (no cloak)
rCorr   .          Rampage  .   l - +0 pair of gloves
Will    .....                   (no boots)
Stlth   ..........              (no amulet)
HPRegen 0.29/turn               G - ring of flight
MPRegen 0.11/turn               F - +6 ring of dexterity

@: berserking, flying, very quick
A: horns 2, retaliatory headbutt
a: Renounce Religion, Berserk, Trog's Hand


You were in a bailey.
You worshipped Trog.
Trog was most pleased with you.
You visited 2 branches of the dungeon, and saw 9 of its levels.
You also visited: Bailey.

You collected 477 gold pieces.

Inventory:

Hand Weapons
 a - a +2 vorpal battleaxe (weapon)
 b - a +0 glaive
 c - a +1 whip of flaming
 K - the +4 whip of Might {venom, rF++}
   (You found it on level 8 of the Dungeon)

   It poisons the flesh of those it strikes.
   rF:        It greatly protects you from fire.
Missiles
 d - 38 poisoned darts
 g - 108 arrows
 j - 240 stones
 n - 48 sling bullets
 q - 51 bolts
 z - a throwing net
 D - 3 atropa-tipped darts
 L - 21 boomerangs (quivered)
Armour
 l - a +0 pair of gloves (worn)
 r - +0 acid dragon scales
 s - a +0 chain mail (worn)
Jewellery
 u - a ring of willpower
 F - a +6 ring of dexterity (right hand)
 G - a ring of flight (left hand)
Wands
 I - a wand of charming (8)
Scrolls
 f - 5 scrolls of blinking {unknown}
 h - 3 scrolls of identify {unknown}
 k - 3 scrolls of amnesia {unknown}
 p - 4 scrolls of vulnerability {unknown}
 x - a scroll of magic mapping {unknown}
 y - a scroll of enchant weapon {unknown}
 A - 4 scrolls of teleportation {unknown}
 C - 2 scrolls of enchant armour {unknown}
 N - a scroll of fear {unknown}
Potions
 e - 4 potions of curing {unknown}
 i - 3 potions of lignification {unknown}
 m - 2 potions of haste {unknown}
 o - a potion of might {unknown}
 t - a potion of brilliance {unknown}
 v - 2 potions of degeneration {unknown}
 w - 2 potions of flight {unknown}
 B - 4 potions of heal wounds {unknown}
 E - 2 potions of invisibility {unknown}
 H - a potion of berserk rage {unknown}
 J - a potion of ambrosia {unknown}
 M - a potion of mutation {unknown}


   Skills:
 + Level 7.6 Fighting
 + Level 9.7(10.7) Axes
 + Level 7.2(9.5) Maces & Flails
 + Level 0.4 Throwing
 + Level 8.8 Armour
 + Level 3.4 Dodging
 + Level 3.1 Stealth


You had 8 spell levels left.
You didn't know any spells.
Your spell library contained the following spells:

 Spells                   Type           Power      Damage    Failure   Level
 Magic Dart               Conj           0%         1d3       96%         1
 Searing Ray              Conj           0%         2d4       99%         2
 Ignite Poison            Fire/Tmut/Pois 0%         N/A       100%        3
 Mephitic Cloud           Conj/Pois/Air  0%         N/A       100%        3
 Fulminant Prism          Conj/Hex       0%         3d6       100%        4
 Freezing Cloud           Conj/Ice/Air   0%         6-21      100%        5
 Summon Forest            Summ/Tloc      0%         N/A       100%        5
 Eringya's Noxious Bog    Tmut/Pois      0%         N/A       100%        6
 Summon Hydra             Summ           0%         N/A       100%        7


Dungeon Overview and Level Annotations

Branches:
Dungeon (8/15)             Temple (1/1) D:4          Bailey (1/1)
   Lair: D:8-11

Altars:
Ashenzari
Cheibriados
Dithmenos
Elyvilon
Fedhas
Gozag
Hepliaklqana
Kikubaaqudgha
Makhleb
Nemelex Xobeh
Okawaru
Qazlal
Ru
Sif Muna
Uskayaw
Vehumet
Wu Jian
Xom
Yredelemnul
Zin
The Shining One

Shops:
D:6 :


Innate Abilities, Weirdness & Mutations

You have a pair of horns on your head.
You reflexively headbutt those who attack you in melee.


Message History

There is an open door here.
Things that are here:
a +0 hand axe; a +0 leather armour
Things that are here:
a +0 war axe; a +0 scale mail; a kobold skeleton You reach down and open the gate.
There is an open translucent gate here.
You throw a boomerang.
The boomerang hits the orc warlord but does no damage.
You throw a boomerang. The boomerang hits the orc warlord!
The orc warlord is lightly wounded.
You throw a boomerang.
The boomerang hits the orc warlord but does no damage.
The orc warlord is lightly wounded.
You throw a boomerang.
The boomerang hits the orc warlord but does no damage.
The orc warlord is lightly wounded.
You barely miss the orc warlord.
The orc warlord is lightly wounded.
The orc warlord hits you with a +0 war axe!!
You slash the orc warlord!
The orc warlord is lightly wounded.
The orc warlord hits you with a +0 war axe! x2
A red film seems to cover your vision as you go berserk!
You feel yourself moving faster!
You feel mighty! The orc warlord barely misses you.
You slice the orc warlord!!
The orc warlord is moderately wounded.
You slice the orc warlord!!
The orc warlord is heavily wounded.
The orc warlord hits you with a +0 war axe!!
* * * LOW HITPOINT WARNING * * *
You barely miss the orc warlord.
The orc warlord is heavily wounded.
The orc warlord hits you with a +0 war axe!
* * * LOW HITPOINT WARNING * * *
You slice the orc warlord!! You headbutt the orc warlord.
The orc warlord is severely wounded.
The orc warlord hits you with a +0 war axe!
You die...

♣##....##≈≈#####≈≈##....##♣
♣.##...#≈[?8...8!)≈#...##.♣
♣♣..###÷#≈.........≈#'###..♣♣
♣...≈≈)÷#≈..8...8..≈#.≈≈≈...♣
♣♣...≈≈≈.##.........##.≈≈≈...♣♣
♣∩...≈≈≈.#≈....∩....≈#.≈≈≈...∩♣
♣♣...≈≈≈.#≈.........≈#.≈≈≈...♣♣
♣...≈≈≈.#≈≈.8.o.8.≈≈#.≈≈≈...♣
♣♣..###'###...@...###'###..♣♣
♣.##....#≈.8...8.≈#÷)..##.♣
♣##.....#≈≈≈≈≈≈≈≈≈#)))..##♣
##......####≈≈≈####......##
#...8......#'''#......8...#
#.........................#
#.........................#
##..8..8...........8..8..##
##.......#######)).....##


You could see an orc warlord.

Vanquished Creatures
  The ghost of MeowMasterZ the Thaumaturge, a novice FoSu of Vehumet (D:6)
  Maggie (D:6)
  4 water moccasins
  An ice beast (D:7)
  A black bear (D:6)
  3 orc warriors (Bailey)
  4 ogres (D:5)
  2 necrophages
  A phantom (D:6)
  2 bullfrogs (D:6)
  4 scorpions
  2 water moccasin skeletons
  A bullfrog zombie (D:5)
  3 hounds
  A jelly (D:5)
  4 orc priests
  11 orc wizards
  2 killer bee zombies
  5 adders
  A gnoll (Bailey)
  A white imp (D:7)
  A worm (D:2)
  A dart slug (D:1)
  20 orcs
  5 ball pythons
  3 bats
  An endoplasm (D:3)
  8 goblins
  4 hobgoblins
  2 jackals (D:4)
  A quokka (D:2)
  2 frilled lizards
  19 kobolds
  2 rats
124 creatures vanquished.

Notes
Turn   | Place    | Note
-------+----------+-------------------------------------------
     0 | D:1      | snetch the Minotaur Berserker began the quest for the Orb.
     0 | D:1      | Reached XP level 1. HP: 19/19 MP: 0/0
   105 | D:1      | You fall into a shaft and drop 1 floor!
   253 | D:1      | Reached skill level 4 in Axes
   401 | D:1      | Reached XP level 2. HP: 27/27 MP: 1/1
   437 | D:1      | Found a faded altar of an unknown god.
  2021 | D:3      | Reached XP level 3. HP: 33/33 MP: 2/2
  2581 | D:4      | Noticed a water moccasin
  2591 | D:4      | Killed a water moccasin
  2592 | D:4      | Reached skill level 1 in Stealth
  2592 | D:4      | Reached XP level 4. HP: 41/41 MP: 3/3
  2601 | D:4      | Found a staircase to the Ecumenical Temple.
  2635 | D:4      | Reached XP level 5. HP: 39/47 MP: 4/4
  2845 | Temple   | Entered the Ecumenical Temple
  3209 | D:5      | Entered Level 5 of the Dungeon
  3417 | D:5      | Noticed an ogre
  3420 | D:5      | Killed an ogre
  3428 | D:5      | Reached XP level 6. HP: 55/55 MP: 5/5
  3489 | D:4      | Reached skill level 5 in Fighting
  3489 | D:4      | Reached skill level 5 in Axes
  4040 | D:5      | Reached XP level 7. HP: 40/61 MP: 6/6
  4519 | D:5      | Reached skill level 5 in Maces & Flails
  4519 | D:5      | Reached skill level 5 in Armour
  4733 | D:5      | Reached ** piety under Trog
  4734 | D:5      | Reached XP level 8. HP: 31/70 MP: 7/7
  5177 | D:6      | Found Ziwk's Self-Improvement Boutique.
  5814 | D:6      | Noticed Maggie
  5825 | D:6      | Killed Maggie
  5969 | D:6      | Reached skill level 6 in Axes
  6013 | D:6      | Found a runed translucent door.
  6022 | D:6      | Noticed MeowMasterZ's ghost (novice FoSu)
  6102 | D:6      | Reached XP level 9. HP: 63/78 MP: 8/8
  6116 | D:7      | Reached skill level 7 in Axes
  6656 | D:6      | Killed MeowMasterZ's ghost
  6657 | D:6      | Reached skill level 8 in Axes
  7193 | D:8      | Identified the +4 whip of Might {venom, rF++}
  7245 | D:8      | Reached skill level 9 in Axes
  7246 | D:8      | Reached *** piety under Trog
  7265 | D:8      | Found a flagged portal.
  7278 | Bailey   | Entered a bailey
  7311 | Bailey   | Noticed an orc warlord
  7490 | Bailey   | Found a runed translucent gate.
  7491 | Bailey   | Found a runed translucent gate.
  7492 | Bailey   | Found a runed translucent gate.
  7757 | Bailey   | Slain by an orc warlord

Illustrated notes

Levels and vault maps discovered:
D:1:      nzn_arrival_water_spiral, layout_loops_ring,
          dreamdust_ecumenical_altar_statues
D:2:      layout_loops_ring
D:3:      layout_basic
D:4:      layout_cave_pods, minmay_temple_entry_ruins
D:5:      minmay_clustersquares, layout_basic
D:6:      layout_basic, ebering_ghost_sewer_d, minmay_misc_feat_nine_boxes,
          nicolae_shop_self_help, uniq_maggie
D:7:      layout_rooms, trog_wizard, minmay_misc_feat_five,
          minmay_fire_ice_demons
D:8:      layout_loops_ring, enter_bailey_2, hangedman_decor_diamond_cutter
Temple:   roderic_octagonal_lattice_temple
Bailey:   bailey_axe_bossmonster_kennysheep, bailey

Skill      XL: |  1  2  3  4  5  6  7  8  9 |
---------------+----------------------------+-----
Axes           | 4 5 6 9 |  9.7
Fighting       | 4 5 6 7 |  7.6
Maces & Flails | 2 4 5 7 |  7.2
Armour         | 3 4 6 7 8 |  8.8
Stealth        | 1 2 3 |  3.1
Dodging        | 3 |  3.4
Throwing       | |  0.4

Action                   |  1- 3 |  4- 6 |  7- 9 || total
-------------------------+-------+-------+-------++-------
Melee: Hand axe          |    15 |       |       ||    15
       Headbutt          |    10 |    12 |    30 ||    52
       Whip              |    35 |    52 |    63 ||   150
       Battleaxe         |       |       |   139 ||   139
Throw: Stone             |     9 |       |       ||     9
       Boomerang         |       |       |     4 ||     4
Invok: Berserk           |       |     1 |     4 ||     5
       Trog's Hand       |       |       |     1 ||     1
 Stab: Sleeping          |     1 |       |       ||     1
Armor: Animal skin       |     8 |       |       ||     8
       Leather armour    |     2 |       |       ||     2
       Chain mail        |     7 |    31 |   118 ||   156
Dodge: Dodged            |    20 |    22 |   105 ||   147

Table legend: (Time is in decaauts)
 A = Elapsed time spent in this place.
 B = Non-inter-level travel time spent in this place.
 C = Inter-level travel time spent in this place.
 D = Time resting spent in this place.
 E = Time spent auto-exploring this place.
 F = Levels seen in this place.
 G = Mean time per level.
                   A        B        C        D        E       F      G
               +--------+--------+--------+--------+--------+-----+--------+
         Total |   7829 |   7488 |    341 |     66 |   5621 |  10 |  782.9 |
       Dungeon |   7054 |   6735 |    319 |     66 |   5163 |   8 |  881.8 |
        Temple |    290 |    268 |     22 |      0 |    246 |   1 |  290.0 |
        Bailey |    484 |    484 |      0 |      0 |    212 |   1 |  484.0 |
               +--------+--------+--------+--------+--------+-----+--------+

Top non-repeatable levels by time:
     D:5: 1576 daAuts
     D:6: 1300 daAuts
     D:3: 1247 daAuts
     D:4: 948 daAuts
     D:1: 779 daAuts
     D:2: 734 daAuts
  Bailey: 484 daAuts
  Temple: 290 daAuts
     D:8: 270 daAuts
     D:7: 198 daAuts
